 Dungeon Crawl Stone Soup version 0.32-a0-768-g0f6f1dd (webtiles) character file.

Game seed: 12540766113287947559

32 cowham82 the Covered (level 3, 31/31 HPs)
             Began as a Mountain Dwarf Fighter on Mar 18, 2024.
             Quit the game on level 1 of the Dungeon.
             The game lasted 00:13:46 (843 turns).

cowham82 the Covered (Mountain Dwarf Fighter)        Turns: 843, Time: 00:13:46

Health: 31/31      AC:  7    Str: 18    XL:     3   Next: 8%
Magic:  3/3        EV:  8    Int:  8    God:
Gold:   17         SH:  4    Dex: 11    Spells: 2/2 levels left

rFire   . . .        a - +1 war axe
rCold   . . .        c - +0 buckler
rNeg    . . .        b - +0 scale mail
rPois   .            (no helmet)
rElec   .            (no cloak)
rCorr   .            (no gloves)
SInv    .            (no boots)
Will    .....        (no amulet) Stlth
                     (no ring)
HPRegen 0.25/turn    (no ring)
MPRegen 0.08/turn

%: no passive effects
@: no status effects
A: runic magic, artefact enchanting
a: no special abilities


You were on level 1 of the Dungeon.
You visited 1 branch of the dungeon, and saw 1 of its levels.

You collected 17 gold pieces.

Inventory:

Hand Weapons
 a - a +1 war axe (weapon)
Armour
 b - a +0 scale mail (worn)
 c - a +0 buckler (worn)
Potions
 d - a potion of might


   Skills:
 + Level 3.6 Fighting
 + Level 3.2 Axes
 + Level 3.7 Armour
 + Level 3.5 Shields


You had 2 spell levels left.
You didn't know any spells.
Your spell library contained the following spells:

 Spells                   Type           Power      Damage    Failure   Level
 Blink                    Tloc           0%         N/A       73%         2
 Lesser Beckoning         Tloc           0%         N/A       73%         2
 Momentum Strike          Conj/Tloc      0%         3d8       73%         2


Dungeon Overview and Level Annotations

Branches:
Dungeon (1/15)

Altars:


Innate Abilities, Weirdness & Mutations

Your spellcasting is much less encumbered by armour.
You can use scrolls of enchantment on lesser artefacts.


Message History

You block the ball python's attack. You block the hobgoblin's attack.
The kobold closely misses you.
The ball python bites you but does no damage.
The ball python grabs you. The ball python constricts you.
You completely miss the ball python. You hit the kobold.
You kill the kobold!
You hit the hobgoblin. The hobgoblin hits you.
The ball python bites you but does no damage.
The ball python constricts you.
You have reached level 3!
Your experience leads to an increase in your attributes!
Increase (S)trength, (I)ntelligence, or (D)exterity?
Uppercase letters only, please.
You feel agile. x2
There are monsters nearby!
You closely miss the ball python. You hit the hobgoblin.
You kill the hobgoblin!
The ball python bites you but does no damage.
The ball python constricts you. You block the ball python's attack.
The ball python constricts you.
The hobgoblin hits you but does no damage.
You slash the ball python!
You kill the ball python!
You hit the hobgoblin.
You kill the hobgoblin!
You see here a ball python corpse.
Things that are here:
a +0 whip; a hobgoblin corpse; a kobold corpse You see here a +0 sling.
You open the huge gate.
Found a faded altar of an unknown god.
There is a huge open gate here.
There is a huge open gate here.
There is a huge open gate here.
There is a faded altar of an unknown god here.
There is a huge open gate here.
There is a faded altar of an unknown god here.
This altar belongs to (a) Hepliaklqana, (b) Lugonu or (c) Nemelex Xobeh, but you can't tell which.
Press the corresponding letter to learn more about a god, or press enter to convert or escape to cancel.
Okay, then.
Are you sure you want to abandon this character and quit the game? (Confirm with "yes".)

#.......#.#..................#
#.#####.#.#.###.#.#.##.##....##
#.#####.#.#.###.#.#.##.##)##...
#....##.#.................##.##
#..#.##.###.#...#..###.#####.#
##..#.##.###........###.#####.#
#†.)......[..'''''..........###
#.#######....'''''.....######
## #.# #...)..''@''..##.# ##§
#.# #......'''''.....# #≈§ #.#
#......'''''###..# ##≈§ #.#
##..........###..# #≈≈# #.#
#.....####......# ###≈§≈ #.#
#.....# ####...####.'...
##.#### #.....# #.........'...
......# #.....# #....######§≈≈
##.##.# ####### #.#.## #§§#


There were no monsters in sight!

Vanquished Creatures
  2 dart slugs (D:1)
  3 ball pythons (D:1)
  3 bats (D:1)
  2 endoplasms (D:1)
  3 hobgoblins (D:1)
  4 quokkas (D:1)
  A frilled lizard (D:1)
  6 kobolds (D:1)
  A rat (D:1)
25 creatures vanquished.

Notes
Turn   | Place    | Note
-------+----------+-------------------------------------------
     0 | D:1      | cowham82 the Mountain Dwarf Fighter began the quest for the
                  | Orb.
     0 | D:1      | Reached XP level 1. HP: 19/19 MP: 1/1
   249 | D:1      | Reached XP level 2. HP: 26/26 MP: 2/2
   781 | D:1      | Reached XP level 3. HP: 24/31 MP: 3/3
   836 | D:1      | Found a faded altar of an unknown god.
   843 | D:1      | Quit the game

Illustrated notes

Levels and vault maps discovered:
D:1:      lightli_molten_gateway, layout_loops_cross,
          hellmonk_ecumenical_altar_heavens_door, chequers_serial_rivers_micro_c

Skill      XL: |  1  2 |
---------------+-------+-----
Axes           | 3 |  3.2
Fighting       | |  3.6
Armour         | |  3.7
Shields        | |  3.5

Action                     || total
---------------------------++-------
  Melee: War axe           ||    44
    Use: Scroll            ||     4
 Armour: Scale mail        ||    52
  Dodge: Dodged            ||    18
  Block: Buckler           ||    16

Table legend: (Time is in decaauts)
 A = Elapsed time spent in this place.
 B = Non-inter-level travel time spent in this place.
 C = Inter-level travel time spent in this place.
 D = Time resting spent in this place.
 E = Time spent auto-exploring this place.
 F = Levels seen in this place.
 G = Mean time per level.
                   A        B        C        D        E       F      G
               +--------+--------+--------+--------+--------+-----+--------+
         Total |    859 |    830 |     29 |      0 |     45 |   1 |  859.0 |
       Dungeon |    859 |    830 |     29 |      0 |     45 |   1 |  859.0 |
               +--------+--------+--------+--------+--------+-----+--------+

Top non-repeatable levels by time:
     D:1: 859 daAuts
